 Dungeon Crawl Stone Soup version 0.17-a0-435-gc4df345 (webtiles) character file.

471 inmateoo the Charmwright (level 6, -3/46 HPs)
             Began as a Demonspawn Skald on Apr 4, 2015.
             Slain by a wyvern (15 damage)
             ... on level 4 of the Dungeon.
             The game lasted 00:04:34 (3116 turns).

inmateoo the Charmwright (Demonspawn Skald)         Turns: 3116, Time: 00:04:34

Health: -3/46      AC: 13    Str: 12    XL:     6   Next: 83%
Magic:  20/20      EV: 11    Int: 13    God:
Gold:   179        SH:  0    Dex: 15    Spells: 3 memorised, 6 levels left

rFire  . . .     SeeInvis .     g - +2 mace (protect)
rCold  . . .     Clarity  .     f - +1 ring mail
rNeg   . . .     SustAb   .     (no shield)
rPois  .         Gourm    .     (no helmet)
rElec  .         Spirit   .     (no cloak)
rCorr  +         Warding  .     (no gloves)
rMut   .         Stasis   .     (no boots)
MR     .....                    b - amulet of resist corrosion
Stlth  +.........               (no ring)
                                s - ring of magical power

@: not resistant to hostile enchantments, very unstealthy
A: slimy green scales 1, spiny 2
a: no special abilities


You were on level 4 of the Dungeon.
You were hungry.

You visited 1 branch of the dungeon, and saw 4 of its levels.

You collected 179 gold pieces.

Inventory:

Hand weapons
 a - a +0 spear
 g - a +2 mace of protection (weapon)
Armour
 f - a +1 ring mail (worn)
Jewellery
 b - an amulet of resist corrosion (around neck)
 s - a ring of magical power (left hand)
Scrolls
 h - 5 scrolls of remove curse
 l - a scroll of amnesia
 q - a scroll of teleportation
 r - a scroll of enchant weapon
Potions
 e - 2 potions of resistance
 i - a potion of magic {unknown}
 j - a potion of degeneration {unknown}
 k - a potion of cure mutation {unknown}
 n - 2 potions of cancellation
 t - a potion of flight {unknown}
Books
 c - a book of Battle

   Spells                             Type                      Level
   a - Infusion                       Charms                       1
   b - Shroud of Golubria             Charms/Translocation         2
   c - Song of Slaying                Charms                       2
   d - Spectral Weapon                Hexes/Charms                 3
   e - Regeneration                   Charms/Necromancy            3
Comestibles
 d - a bread ration
 m - a royal jelly
 o - 3 fruits
 p - 5 meat rations


   Skills:
 + Level 2.8 Fighting
 * Level 2.5 Maces & Flails
 - Level 2.4 Polearms
 + Level 2.6 Armour
 + Level 2.2 Dodging
 + Level 3.3 Spellcasting
 + Level 3.7 Charms


You had 6 spell levels left.
You knew the following spells:

 Your Spells              Type           Power        Failure   Level  Hunger
a - Infusion              Chrm           ##....       12%         1    #......
b - Song of Slaying       Chrm           ##......     17%         2    ##.....
c - Shroud of Golubria    Chrm/Tloc      #.........   38%         2    ##.....


Dungeon Overview and Level Annotations

Branches:
Dungeon (4/15)
 Temple: D:4-7

Altars:
Ashenzari
Vehumet
Yredelemnul
Zin


Innate Abilities, Weirdness & Mutations

You are partially covered in slimy green scales (AC +2).
You are mostly covered in sharp spines.


Message History

The wyvern closely misses you.
You barely miss the wyvern.
The wyvern is severely wounded.
The wyvern is struck by your spines. The wyvern bites you.
The wyvern barely misses you.
You closely miss the wyvern.
The wyvern is almost dead.
The wyvern bites you.
The wyvern bites you but does no damage.
You barely miss the wyvern.
The wyvern is almost dead.
The wyvern bites you!
* * * LOW HITPOINT WARNING * * *
The wyvern bites you but does no damage.
You are too injured to fight recklessly!
You are too injured to fight recklessly!
You hit the wyvern but do no damage.
The wyvern is almost dead.
The wyvern barely misses you. The wyvern bites you!
You die...

#.. #.! #.# #.# #.###
#######...###
............#####
#..........#.....########
#.......@..#.........)...
#......D...#.......####..
..........#.......# #..
..........#.......# #..
..........#.......# #..
.........#.......# #..
........#.......# #..
.......#.......# #.. ....
.....# #..


You could see a wyvern.

Vanquished Creatures
  A phantom (D:4)
  The ghost of stickyfingers the Insei, an average OpTm of Fedhas (D:3)
  A scorpion (D:4)
  An orc wizard (D:3)
  3 worker ants (D:4)
  A hound skeleton (D:4)
  7 adders
  2 giant mites
  A worm (D:2)
  An adder skeleton (D:4)
  An ooze (D:1)
  5 orcs (D:3)
  12 bats
  3 giant cockroaches
  11 hobgoblins
  3 jackals (D:2)
  A quokka (D:2)
  5 giant newts
  9 goblins
  6 kobolds
  6 rats
81 creatures vanquished.

Vanquished Creatures (others)
  A rat (D:2)
1 creature vanquished.

Grand Total: 82 creatures vanquished

Notes
Turn   | Place    | Note
--------------------------------------------------------------
     0 | D:1      | inmateoo, the Demonspawn Skald, began the quest for the Orb.
     0 | D:1      | Reached XP level 1. HP: 16/16 MP: 3/3
    94 | D:1      | Reached skill level 1 in Dodging
   223 | D:1      | Reached skill level 1 in Armour
   239 | D:1      | Gained mutation: You are partially covered in sharp spines. [demonic ancestry]
   239 | D:1      | Reached XP level 2. HP: 20/22 MP: 5/5
   579 | D:1      | Gained mutation: You are mostly covered in sharp spines. [demonic ancestry]
   579 | D:1      | Reached XP level 3. HP: 27/27 MP: 6/6
   816 | D:1      | Learned a level 2 spell: Song of Slaying
   819 | D:1      | Learned a level 2 spell: Shroud of Golubria
  1446 | D:2      | Found a radiant altar of Vehumet.
  1631 | D:2      | Found a shattered altar of Ashenzari.
  1754 | D:2      | Found a glowing silver altar of Zin.
  1984 | D:3      | Gained mutation: You are partially covered in slimy green scales (AC +2). [demonic ancestry]
  1984 | D:3      | Reached XP level 4. HP: 31/33 MP: 7/7
  2026 | D:3      | Reached skill level 3 in Charms
  2028 | D:3      | Noticed stickyfingers's ghost (average OpTm)
  2039 | D:3      | Killed stickyfingers's ghost
  2039 | D:3      | Reached skill level 1 in Maces & Flails
  2039 | D:3      | Reached XP level 5. HP: 27/39 MP: 7/9
  2615 | D:4      | Reached XP level 6. HP: 25/46 MP: 10/10
  2903 | D:4      | Noticed a phantom
  2946 | D:4      | Killed a phantom
  3026 | D:4      | Found a basalt altar of Yredelemnul.
  3106 | D:4      | Noticed a wyvern
  3116 | D:4      | Slain by a wyvern

Action                   |  1- 3 |  4- 6 || total
-------------------------+-------+-------++-------
Melee: Spear             |    73 |       ||    73
       Mace              |    82 |   135 ||   217
  Use: Scroll            |     9 |     3 ||    12
  Eat: Chunk             |     4 |     3 ||     7
